 Dungeon Crawl Stone Soup version 0.27-a0-965-gbf8bb431c4 (webtiles) character file.

Game seed: 9890439150515999164

25 kae the Ruffian (level 2, -1/23 HPs)
             Began as a Draconian Transmuter on Apr 12, 2021.
             Slain by a goblin
             ... wielding a +0 club
             ... led by Robin
              (3 damage)
             ... on level 2 of the Dungeon.
             The game lasted 00:00:38 (951 turns).

kae the Ruffian (Draconian Transmuter)               Turns: 951, Time: 00:00:39

Health: -1/23      AC:  4    Str: 12    XL:     2   Next: 86%
Magic:  5/5        EV: 12    Int: 13    God:
Gold:   40         SH:  0    Dex: 11    Spells: 4/5 levels left

rFire    . . .     SeeInvis .     - Unarmed
rCold    . . .     Faith    .   (no shield)
rNeg     . . .     Spirit   .   (armour unavailable)
rPois    .         Reflect  .   (helmet restricted)
rElec    .         Harm     .   (no cloak)
rCorr    .         Rampage  .   (no gloves)
Will     .....                  (no boots)
Stlth    +.........             (no amulet)
HPRegen  0.07/turn              (no ring)
MPRegen  0.09/turn              (no ring)

@: no status effects
A: AC +4, unfitting armour, cold-blooded
a: no special abilities


You were on level 2 of the Dungeon.
You visited 1 branch of the dungeon, and saw 2 of its levels.

You collected 40 gold pieces.

Inventory:

Scrolls
 a - a scroll of vulnerability {unknown}


   Skills:
 + Level 1.4 Fighting
 + Level 2.0 Dodging
 * Level 3.3 Unarmed Combat
 + Level 2.1 Spellcasting
 * Level 2.5 Transmutations


You had 4 spell levels left.
You knew the following spells:

 Your Spells              Type           Power      Damage    Failure   Level
a - Beastly Appendage     Tmut           14%        N/A       9%          1

Your spell library contained the following spells:

 Spells                   Type           Power      Damage    Failure   Level
 Wereblood                Tmut           7%         N/A       14%         2
 Spider Form              Tmut/Pois      2%         N/A       41%         3
 Ice Form                 Ice/Tmut       4%         N/A       83%         4
 Hydra Form               Tmut           3%         N/A       94%         5


Dungeon Overview and Level Annotations

Branches:
Dungeon (1/15)

Altars:

Annotations:
D:2 Robin


Innate Abilities, Weirdness & Mutations

Your plain brown scales are hard. (AC +4)
You cannot fit into any form of body armour.
You are cold-blooded and may be slowed by cold attacks.


Message History

You closely miss the goblin.
The goblin no longer looks unusually strong.
The goblin unwields a +0 hunting sling.
The goblin wields a +0 dagger.
The goblin hits you with a +0 dagger.
You hit the goblin.
You kill the goblin!
The hobgoblin no longer looks unusually strong.
You aren't carrying any potions.
Casting: Beastly Appendage (safe; 9% risk of failure)
Confirm with . or Enter, or press ? or * to list all spells.
You extend your transformation's duration.
The rat bites you but does no damage.
Robin roars a battlecry!
The hobgoblin goes into a battle-frenzy!
Your transformation is almost over.
The rat bites you but does no damage. Robin throws the goblin at you!
You hit the rat.
You kill the rat!
The goblin closely misses you.
Your Dodging skill increases to level 2!
You hit the goblin. Your headbutt misses the goblin.
Your tail-slap misses the goblin.
The goblin is heavily wounded.
The hobgoblin hits you.
* * * LOW HITPOINT WARNING * * *
The goblin barely misses you.
A goblin comes into view. It is wielding a +0 club.
The goblin hits you with a +0 dagger.
* * * LOW HITPOINT WARNING * * *
The goblin completely misses you.
The goblin shouts!
The goblin hits you but does no damage. The goblin closely misses you.
The goblin hits you with a +0 club.
* * * LOW HITPOINT WARNING * * *
Your horns disappear.
Your talons disappear.
The hobgoblin no longer looks unusually strong.
The goblin no longer looks unusually strong.
You barely miss the goblin. The goblin misses you.
You barely miss the goblin. The goblin hits you with a +0 club.
You die...

###### #....#
#....########
#.g..#......#
#@g.g#......#
###.........#
###g......#
##g.....# #
#......# ###
#......# #.g
#####..# ##.#
##.###..#
#..#gg##


You could see Robin, a hobgoblin and 3 goblins.

Vanquished Creatures
  4 endoplasms (D:1)
  6 hobgoblins
  A ball python (D:1)
  5 goblins
  2 kobolds (D:1)
  4 rats
22 creatures vanquished.

Notes
Turn   | Place    | Note
-------+----------+-------------------------------------------
     0 | D:1      | kae the Draconian Transmuter began the quest for the Orb.
     0 | D:1      | Reached XP level 1. HP: 16/16 MP: 3/3
   402 | D:1      | Found a faded altar of an unknown god.
   446 | D:1      | Reached XP level 2. HP: 23/23 MP: 3/5
   897 | D:1      | You fall into a shaft and drop 1 floor!
   908 | D:2      | Noticed Robin
   936 | D:2      | HP: 1/23 [goblin/+0 club[Robin] (2)]
   951 | D:2      | Slain by a goblin

Illustrated notes

Levels and vault maps discovered:
D:1:      heliophobic_arrival_battle_scene, layout_loops_cross,
          basic_ecumenical_altar
D:2:      layout_rooms, kennysheep_decorative_pillar, uniq_robin

Skill      XL: |  1  2 |
---------------+-------+-----
Dodging        | 2 |  2.0
Fighting       | |  1.4
Unarmed Combat | |  3.3
Spellcasting   | |  2.1
Transmutations | |  2.5

Action                   || total
-------------------------++-------
Melee: Unarmed           ||    68
       Kick              ||     8
       Headbutt          ||     2
       Tailslap          ||     3
       Punch             ||     1
 Cast: Beastly Appendage ||    10
Armor: Skin              ||    18
Dodge: Dodged            ||    42

Table legend: (Time is in decaauts)
 A = Elapsed time spent in this place.
 B = Non-inter-level travel time spent in this place.
 C = Inter-level travel time spent in this place.
 D = Time resting spent in this place.
 E = Time spent auto-exploring this place.
 F = Levels seen in this place.
 G = Mean time per level.
                   A        B        C        D        E       F      G
               +--------+--------+--------+--------+--------+-----+--------+
         Total |    949 |    949 |      0 |    295 |    499 |   2 |  474.5 |
       Dungeon |    949 |    949 |      0 |    295 |    499 |   2 |  474.5 |
               +--------+--------+--------+--------+--------+-----+--------+

Top non-repeatable levels by time:
     D:1: 896 daAuts
     D:2: 52 daAuts
